 Dungeon Crawl Stone Soup version 0.25-a0-419-g7650d0de75 (webtiles) character file.

Game seed: 4315001294496228926, levelgen mode: deterministic

451 kae the Gusty (level 6, -6/45 HPs)
             Began as a Draconian Air Elementalist on Jan 17, 2020.
             Was an Initiate of Vehumet.
             Mangled by an orc
             ... wielding a +0 flail
              (8 damage)
             ... on level 5 of the Dungeon.
             The game lasted 00:06:14 (5338 turns).

kae the Gusty (Draconian Air Elementalist)          Turns: 5338, Time: 00:06:14

Health: -6/45      AC:  6    Str: 10    XL:     6   Next: 75%
Magic:  0/11       EV: 12    Int: 17    God:    Vehumet [......]
Gold:   223        SH:  0    Dex: 12    Spells: 2/12 levels left

rFire    . . .     SeeInvis .   b - +0 whip (elec)
rCold    . . .     Gourm    .   (no shield)
rNeg     . . .     Faith    .   (armour unavailable)
rPois    .         Spirit   .   (helmet restricted)
rElec    .         Reflect  .   (no cloak)
rCorr    .         Harm     .   (no gloves)
MR       .....                  (no boots)
Stlth    ++........             (no amulet)
HPRegen  0.15/turn              (no ring)
MPRegen  0.12/turn              (no ring)

@: very slightly contaminated
A: unfitting armour, cold-blooded, AC +6
a: Renounce Religion


You were on level 5 of the Dungeon.
You worshipped Vehumet.
Vehumet was noncommittal.
You were hungry.

You visited 2 branches of the dungeon, and saw 6 of its levels.

You collected 223 gold pieces.

Inventory:

Hand Weapons
 a - a +1 quarterstaff of protection
 b - a +0 whip of electrocution (weapon)
Scrolls
 g - 4 scrolls of remove curse
 h - a scroll of magic mapping
 j - a scroll of enchant weapon
 o - 2 scrolls of teleportation
Potions
 c - a potion of brilliance
 d - a potion of haste
 k - a potion of heal wounds
 m - 2 potions of flight
Comestibles
 l - 7 rations


   Skills:
 - Level 1.7 Dodging
 - Level 1.7 Stealth
 + Level 3.6 Spellcasting
 + Level 3.5 Conjurations
 * Level 5.8 Air Magic


You had 2 spell levels left.
You knew the following spells:

 Your Spells              Type           Power        Failure   Level  Hunger
a - Shock                 Conj/Air       ###.         2%          1    None
b - Static Discharge      Conj/Air       ###.....     7%          3    ###....
c - Swiftness             Chrm/Air       ##......     8%          2    ##.....
d - Airstrike             Air            ###.......   14%         4    ####...

Your spell library contained the following spells:

 Spells                   Type           Power        Failure   Level  Hunger
 Lightning Bolt           Conj/Air       ###.......   54%         5    ######.


Dungeon Overview and Level Annotations

Branches:
Dungeon (5/15)             Temple (1/1) D:4

Altars:
Cheibriados
Dithmenos
Elyvilon
Fedhas
Hepliaklqana
Kikubaaqudgha
Makhleb
Okawaru
Qazlal
Ru
Sif Muna
Uskayaw
Vehumet
Wu Jian
Yredelemnul
Zin

Shops:
D:4 =


Innate Abilities, Weirdness & Mutations

Your plain brown scales are hard. (AC +6)
You cannot fit into any form of body armour.
You are cold-blooded and may be slowed by cold attacks.


Message History

The orc is moderately wounded.
The orc hits you but does no damage.
You closely miss the orc.
The orc is moderately wounded.
The orc hits you with a +0 flail.
* * * LOW HITPOINT WARNING * * *
You barely miss the orc.
You tail-slap the orc, but do no damage.
The orc is moderately wounded.
The orc hits you with a +0 flail.
* * * LOW HITPOINT WARNING * * *
Casting: Shock (safe; 2% risk of failure)
Confirm with . or Enter, or press ? or * to list all spells.
Aiming: Shock (safe; 2% risk of failure)
Press: ? - help, Shift-Dir - straight line, f/p - orc
Aim: an orc, wielding a +0 flail and wearing a +0 chain mail (moderately wounded)
You miscast Shock.
You are very lightly contaminated with residual magic.
You feel a strange surge of energy! The orc hits you with a +0 flail!
You die...

#########
#.......#
#.......#
#.......#
#.....o.#
#..>....#
#.......#####
........)[o.##
.##########@.#
##.#### #.<..#
######


You could see an orc.

Vanquished Creatures
  A gnoll shaman (D:4)
  A hound (D:3)
  An iguana (D:4)
  An orc priest (D:4)
  A centaur skeleton (D:4)
  2 orc wizards
  A worker ant (D:4)
  3 adders
  7 gnolls
  2 oozes
  2 worms
  A dart slug (D:1)
  2 leopard geckos
  12 orcs
  8 giant cockroaches
  10 goblins
  4 hobgoblins
  6 jackals (D:3)
  11 kobolds
  2 quokkas
  4 ball pythons
  11 bats
  5 frilled lizards
  9 rats
107 creatures vanquished.

Notes
Turn   | Place    | Note
-------+----------+-------------------------------------------
     0 | D:1      | kae the Draconian Air Elementalist began the quest for the
                  | Orb.
     0 | D:1      | Reached XP level 1. HP: 14/14 MP: 3/3
   292 | D:1      | Reached XP level 2. HP: 12/20 MP: 1/5
  1140 | D:1      | Reached XP level 3. HP: 26/26 MP: 2/6
  1677 | D:2      | Found a snail-covered altar of Cheibriados.
  1853 | D:2      | Reached skill level 4 in Air Magic
  1959 | D:2      | Found an ornate altar of the Wu Jian Council.
  2170 | D:3      | Reached XP level 4. HP: 21/33 MP: 0/7
  3106 | D:3      | Reached XP level 5. HP: 33/38 MP: 1/9
  3216 | D:2      | Learned a level 3 spell: Static Discharge
  3219 | D:2      | Learned a level 2 spell: Swiftness
  3670 | D:3      | Found a shadowy altar of Dithmenos.
  3709 | D:4      | Reached skill level 5 in Air Magic
  3829 | D:4      | Found Jotid's Jewellery Shop.
  3835 | D:4      | Found a hide-covered altar of Uskayaw.
  3838 | D:4      | Noticed a +0 dagger
  3839 | D:4      | Noticed a +0 dagger
  3858 | D:4      | Found a sacrificial altar of Ru.
  3872 | D:4      | Reached XP level 6. HP: 45/45 MP: 10/10
  3896 | D:4      | Found a staircase to the Ecumenical Temple.
  3900 | Temple   | Entered the Ecumenical Temple
  4124 | Temple   | Became a worshipper of Vehumet
  4331 | D:4      | Found an ancient bone altar of Kikubaaqudgha.
  4779 | D:4      | Noticed an orc warrior
  4856 | D:4      | Learned a level 4 spell: Airstrike
  5281 | D:5      | Entered Level 5 of the Dungeon
  5337 | D:5      | HP: 2/45 [orc/+0 flail (1)]
  5338 | D:5      | Mangled by an orc

Levels and vault maps discovered:
D:1:      dpeg_arrival_radiant, layout_loops_ring
D:2:      layout_rooms, lemuel_crystal_altar, nicolae_overflow_crystal_walls,
          serial_forest, infiniplex_forest_clump_double,
          infiniplex_forest_corner_1, infiniplex_forest_straight_2,
          infiniplex_forest_zigzag_1, infiniplex_forest_join,
          infiniplex_forest_straight_3, infiniplex_forest_clump_cross,
          st_stairs_9
D:3:      layout_rooms, lemuel_round_altar, first_ration
D:4:      layout_gridville, lemuel_doored_altar, dancing_weapons_uskayaw,
          minmay_temple_entry_proselytizer, serial_shops, nicolae_shop_crystal,
          nicolae_ru_great_annihilating_truth
D:5:      minmay_inner_zag, layout_rooms, uniq_duvessa
Temple:   jpeg_temple_alley_garden

Skill      XL: |  1  2  3  4  5 |
---------------+----------------+-----
Conjurations   | 2 3 |  3.5
Air Magic      | 4 5 |  5.8
Spellcasting   | 3 |  3.6
Dodging        | |  1.7
Stealth        | |  1.7

Action                   |  1- 3 |  4- 6 || total
-------------------------+-------+-------++-------
Melee: Unarmed           |   128 |       ||   128
       Tailslap          |    12 |    13 ||    25
       Whip              |    23 |   134 ||   157
 Cast: Shock             |    70 |   102 ||   172
       Static Discharge  |       |     1 ||     1
  Use: Scroll            |     4 |    10 ||    14
       Potion            |       |     2 ||     2
 Stab: Sleeping          |     2 |     2 ||     4
       Paralysed         |       |     2 ||     2
       Invisible         |       |     1 ||     1
  Eat: Chunk             |     5 |    10 ||    15
Armor: Skin              |    49 |    55 ||   104
Dodge: Dodged            |   121 |   119 ||   240

Table legend:
 A = Non-vault XP
 B = Vault XP
 C = Vault XP percentage of total XP
 D = Non-vault monster count
 E = Vault monster count
 F = Vault count percentage of total count
                 A         B        C        D         E       F
            +---------+---------+-------+---------+---------+-------
      Total |     544 |     101 |  15.7 |     100 |       7 |   6.5
            +---------+---------+-------+---------+---------+-------
        D:1 |      41 |       0 |   0.0 |      24 |       0 |   0.0
        D:2 |      58 |       3 |   4.9 |      22 |       2 |   8.3
        D:3 |     157 |       0 |   0.0 |      36 |       0 |   0.0
        D:4 |     243 |      98 |  28.7 |      15 |       5 |  25.0
        D:5 |      45 |       0 |   0.0 |       3 |       0 |   0.0
            +---------+---------+-------+---------+---------+-------
